 Dungeon Crawl Stone Soup version 0.28.0-43-g3370ac3207 (webtiles) character file.

Game seed: 10372075409132299499

32 issech the Cudgeller (level 3, -2/36 HPs)
             Began as a Troll Monk on Mar 14, 2022.
             Succumbed to a kobold's poison
             ... on level 2 of the Dungeon.
             The game lasted 00:02:19 (854 turns).

issech the Cudgeller (Troll Monk)                    Turns: 854, Time: 00:02:19

Health: -2/36      AC:  4    Str: 19    XL:     3   Next: 8%
Magic:  11/11      EV: 25    Int:  6    God:
Gold:   0          SH:  0    Dex: 14    Spells: 2/2 levels left

rFire   . . .      SeeInvis .   a - +0 mace
rCold   . . .      Faith    .   (no shield)
rNeg    . . .      Spirit   .   b - +0 robe
rPois   .          Reflect  .   (helmet restricted)
rElec   .          Harm     .   (no cloak)
rCorr   .          Rampage  .   (gloves unavailable)
Will    .....                   (boots unavailable)
Stlth   ++........              l - amulet of the acrobat
HPRegen 0.92/turn               f - ring of magical power
MPRegen 0.12/turn               (no ring)

@: lethally poisoned (-2 -> -12), acrobatic
A: large, unfitting armour, claws 3, regeneration 1, shaggy fur 1, tough skin 1
a: no special abilities


You were on level 2 of the Dungeon.
You visited 1 branch of the dungeon, and saw 2 of its levels.

Inventory:

Hand Weapons
 a - a +0 mace (weapon)
Missiles
 d - 30 stones (quivered)
 e - 34 sling bullets
 g - 20 arrows
Armour
 b - a +0 robe (worn)
Magical Staves
 h - a staff of fire
Jewellery
 f - a ring of magical power (left claw)
 l - an amulet of the acrobat (around neck)
Scrolls
 c - a scroll of immolation {unknown}
 i - a scroll of magic mapping {unknown}
 j - a scroll of enchant armour {unknown}
Potions
 k - a potion of might {unknown}


   Skills:
 + Level 2.7 Fighting
 + Level 3.0 Maces & Flails
 + Level 2.8 Dodging
 + Level 1.1 Stealth


You had 2 spell levels left.
You didn't know any spells.
Your spell library was empty.

Dungeon Overview and Level Annotations

Branches:
Dungeon (2/15)

Altars:

Shops:
D:2 !


Innate Abilities, Weirdness & Mutations

You are too large for most types of armour.
You have claws for hands.
Your natural rate of healing is unusually fast.
You are covered in fur. (AC +1)
You have tough skin. (AC +1)


Message History

A jackal comes into view. x2
A jackal comes into view.
The kobold throws a stone.
The stone completely misses you.
Found a stone staircase leading up.
The jackal barks!
The jackal misses you. The jackal completely misses you.
You barely miss the jackal. The jackal bites you.
You hit the jackal but do no damage.
The jackal barks!
You hit the jackal.
The jackal is severely wounded.
The jackal closely misses you.
The jackal bites you but does no damage.
You hit the jackal.
You kill the jackal!
You closely miss the kobold. The kobold hits you but does no damage.
You are poisoned.
The kobold hits you with a +2 dagger of venom.
You are more poisoned.
You barely miss the kobold.
You feel very sick.
The kobold hits you with a +2 dagger of venom.
You are more poisoned.
You closely miss the kobold.
You feel very sick.
The kobold hits you with a +2 dagger of venom.
You are lethally poisoned!
You thump the kobold!
You kill the kobold!
* * * LOW HITPOINT WARNING * * *
You feel extremely sick. The jackal bites you.
* * * LOW HITPOINT WARNING * * *
You closely miss the jackal.
* * * LOW HITPOINT WARNING * * *
You feel very sick. The jackal bites you.
* * * LOW HITPOINT WARNING * * *
The jackal completely misses you.
You die...

#..## ...# ##..#
....# ###...#
<...#
#...#.###..>.#
#...........h##
......###h.......
####..#∩#h#....##
####+#.#....#
#...@# ####
.......## .#####.
.. #.# .. ###


You could see 2 jackals.

Vanquished Creatures
  A dart slug (D:1)
  3 ball pythons
  A bat (D:1)
  3 endoplasms (D:1)
  3 goblins (D:1)
  5 hobgoblins
  A jackal (D:2)
  3 frilled lizards (D:1)
  4 kobolds
  2 rats (D:1)
26 creatures vanquished.

Notes
Turn   | Place    | Note
-------+----------+-------------------------------------------
     0 | D:1      | issech the Troll Monk began the quest for the Orb.
     0 | D:1      | Reached XP level 1. HP: 22/22 MP: 0/0
    54 | D:1      | Found a faded altar of an unknown god.
   109 | D:1      | Reached XP level 2. HP: 25/29 MP: 1/1
   529 | D:1      | Reached skill level 3 in Maces & Flails
   742 | D:2      | Reached XP level 3. HP: 36/36 MP: 2/2
   833 | D:2      | Found Azenatak's Distillery.
   853 | D:2      | HP: 1/36 [jackal (1)]
   854 | D:2      | Succumbed to a kobold's poison

Illustrated notes

Levels and vault maps discovered:
D:1:      minmay_arrival_plants_in_alcoves, layout_basic,
          chequers_ecumenical_altar_island, serial_park_tiny_1
D:2:      layout_rooms, serial_shops, nicolae_shop_window_shopping,
          uniq_crazy_yiuf_cottage, uniq_jessica

Skill      XL: |  1  2 |
---------------+-------+-----
Maces & Flails | 3 |  3.0
Fighting       | |  2.7
Dodging        | |  2.8
Stealth        | |  1.1

Action                   || total
-------------------------++-------
Melee: Mace              ||    49
       Punch             ||     1
 Stab: Distracted        ||     1
Armor: Robe              ||    15
Dodge: Dodged            ||    24
